 Dungeon Crawl Stone Soup version 0.26-a0-540-g8a0c9464d7 (webtiles) character file.

Game seed: 1128338286995774110

14 Lanoc the Shield-Bearer (level 2, -2/27 HPs)
             Began as a Minotaur Fighter on Aug 16, 2020.
             Slain by a hound (5 damage)
             ... on level 4 of the Dungeon.
             The game lasted 00:00:42 (281 turns).

Lanoc the Shield-Bearer (Minotaur Fighter)           Turns: 281, Time: 00:00:43

Health: -2/27      AC:  7    Str: 20    XL:     2   Next: 27%
Magic:  1/1        EV:  7    Int:  5    God:
Gold:   15         SH:  9    Dex:  9    Spells: 1/1 levels left

rFire    . . .     SeeInvis .   a - +0 war axe
rCold    . . .     Faith    .   c - +0 kite shield
rNeg     . . .     Spirit   .   b - +0 scale mail
rPois    .         Reflect  .   (helmet restricted)
rElec    .         Harm     .   (no cloak)
rCorr    .                      (no gloves)
MR       .....                  (no boots)
Stlth    ..........             (no amulet)
HPRegen  0.09/turn              e - ring of flight
MPRegen  0.07/turn              (no ring)

@: mighty
A: retaliatory headbutt, horns 2
a: Evoke Flight


You were on level 4 of the Dungeon.
You visited 1 branch of the dungeon, and saw 4 of its levels.

You collected 15 gold pieces.

Inventory:

Hand Weapons
 a - a +0 war axe (weapon)
Armour
 b - a +0 scale mail (worn)
 c - a +0 kite shield (worn)
Jewellery
 e - a ring of flight (left hand)
Potions
 f - a potion of magic


   Skills:
 + Level 3.8 Fighting
 * Level 2.9 Axes
 + Level 3.8 Armour
 + Level 0.6 Dodging
 + Level 3.8 Shields


You had one spell level left.
You didn't know any spells.
Your spell library was empty.

Dungeon Overview and Level Annotations

Branches:
Dungeon (3/15)

Altars:


Innate Abilities, Weirdness & Mutations

You reflexively headbutt those who attack you in melee.
You have a pair of horns on your head.


Message History

The hound barks!
You miss the orc.
The orc is heavily wounded.
You miss something. The orc closely misses you.
Something hits you but does no damage. The hound bites you but does no damage.
It was a potion of magic.
Magic courses through your body. The orc hits you.
* * * LOW HITPOINT WARNING * * *
Something hits you.
* * * LOW HITPOINT WARNING * * *
The hound bites you.
* * * LOW HITPOINT WARNING * * *
You feel very mighty all of a sudden.
You feel less confused. You block the hound's attack.
The orc barely misses you. You furiously retaliate!
You headbutt the orc, but do no damage.
You hear some strange, mumbled words.
A magic dart appears from out of thin air!
The magic dart hits you but does no damage.
The hound bites you.
You die...

... ...### ......
...... ####
......#+######....
.[..<.............=
......)).{@....$..≈
..$...)..oh.....≈≈≈
######.........≈≈≈≈
#.........≈≈≈≈
#..?......≈≈≈≈
#.........≈≈≈≈
#..........≈≈≈
#............≈
#.............


You could see a hound and an orc.

Vanquished Creatures
  3 orcs (D:4)
  A giant cockroach (D:2)
  3 jackals (D:1)
  A bat (D:1)
  A goblin (D:1)
  A rat (D:3)
10 creatures vanquished.

Notes
Turn   | Place    | Note
-------+----------+-------------------------------------------
     0 | D:1      | Lanoc the Minotaur Fighter began the quest for the Orb.
     0 | D:1      | Reached XP level 1. HP: 19/19 MP: 0/0
   257 | D:3      | You fall into a shaft and drop 1 floor!
   259 | D:4      | Noticed an orc wizard
   262 | D:4      | Reached XP level 2. HP: 27/27 MP: 1/1
   281 | D:4      | Slain by a hound

Illustrated notes

Levels and vault maps discovered:
D:1:      dpeg_arrival_chambers_temple_mockup, layout_rooms
D:2:      layout_basic, minmay_worlds_worst_comb, uniq_natasha
D:3:      layout_basic, zin_statuary, overflow_temple_1_default,
          minmay_overflow_temple_star_quad, nicolae_ru_the_path_less_chosen,
          minmay_misc_feat_ornament, nicolae_tso_swordbearing_angel
D:4:      layout_basic, kennysheep_mini_moat, temple_pool_b, serial_shops,
          nicolae_shop_statue_plus, shop, doesnt_xom_only_xom, uniq_robin

Action                   || total
-------------------------++-------
Melee: War axe           ||    35
       Headbutt          ||     9
  Use: Potion            ||     2
Armor: Scale mail        ||    22
Dodge: Dodged            ||    15
Block: Kite shield       ||    21

Table legend: (Time is in decaauts)
 A = Elapsed time spent in this place.
 B = Non-inter-level travel time spent in this place.
 C = Inter-level travel time spent in this place.
 D = Time resting spent in this place.
 E = Time spent auto-exploring this place.
 F = Levels seen in this place.
 G = Mean time per level.
                   A        B        C        D        E       F      G
               +--------+--------+--------+--------+--------+-----+--------+
         Total |    295 |    285 |     10 |      0 |    211 |   4 |   73.8 |
       Dungeon |    295 |    285 |     10 |      0 |    211 |   4 |   73.8 |
               +--------+--------+--------+--------+--------+-----+--------+

Top non-repeatable levels by time:
     D:1: 217 daAuts
     D:3: 34 daAuts
     D:4: 29 daAuts
     D:2: 14 daAuts
